 Dungeon Crawl Stone Soup version 0.27-a0-1272-g7c8ad2e407 (webtiles) character file.

Game seed: 192800205103418287

53 Glokmah the Insei (level 3, -4/23 HPs)
             Began as an Octopode Transmuter on June 11, 2021.
             Slain by an orc
             ... wielding a +0 club
              (5 damage)
             ... on level 1 of the Dungeon.
             The game lasted 00:02:05 (1598 turns).

Glokmah the Insei (Octopode Transmuter)             Turns: 1598, Time: 00:02:06

Health: -4/23      AC:  1    Str:  7 (10) XL:     3   Next: 89%
Magic:  6/6        EV: 13    Int: 12 (15) God:
Gold:   20         SH:  0    Dex: 10 (12) Spells: 0/6 levels left

rFire    . . .     SeeInvis .     - Unarmed
rCold    . . .     Faith    .   (no shield)
rNeg     . . .     Spirit   .   (helmet restricted)
rPois    .         Reflect  .   (no amulet)
rElec    .         Harm     .   (no ring)
rCorr    .         Rampage  .   (no ring)
Will     .....                  (no ring)
Stlth    ++........             (no ring)
HPRegen  0.07/turn              (no ring)
MPRegen  0.10/turn              (no ring)
                                (no ring)
                                (no ring)

@: no status effects
A: almost no armour, amphibious, 8 rings, camouflage 1, gelatinous body 1,
(nimble swimmer 1), tentacles
a: no special abilities


You were on level 1 of the Dungeon.
You visited 1 branch of the dungeon, and saw 2 of its levels.

You collected 20 gold pieces.

Inventory:

Missiles
 a - 6 boomerangs
Jewellery
 d - a ring of resist corrosion
Scrolls
 c - a scroll of enchant weapon {unknown}
 e - a scroll of fog {unknown}
Potions
 f - a potion of ambrosia {unknown}


   Skills:
 + Level 1.4 Fighting
 + Level 2.3 Dodging
 * Level 3.5 Unarmed Combat
 + Level 2.2 Spellcasting
 * Level 2.7 Transmutations
 + Level 0.0 Poison Magic


You couldn't memorise any spells.
You knew the following spells:

 Your Spells              Type           Power      Damage    Failure   Level
a - Beastly Appendage     Tmut           16%        N/A       9%          1
b - Wereblood             Tmut           8%         N/A       13%         2
c - Spider Form           Tmut/Pois      2%         N/A       41%         3

Your spell library contained the following spells:

 Spells                   Type           Power      Damage    Failure   Level
 Ice Form                 Ice/Tmut       4%         N/A       83%         4


Dungeon Overview and Level Annotations

Branches:
Dungeon (2/15)

Altars:

Shops:
D:1 ![[(!


Innate Abilities, Weirdness & Mutations

You cannot wear most types of armour.
You are amphibious.
You can wear up to eight rings at the same time.
Your skin changes colour to match your surroundings (Stealth+).
Your rubbery body absorbs attacks. (AC +1, EV +1)
((You are camouflaged near water. (Stealth+)))
You have tentacles for arms and can constrict up to eight enemies at once.


Message History

Done exploring.
Done exploring.
You see here a +0 spear.
You see here a +1 whip of venom.
There is a stone staircase leading down here.
You climb downwards.
There is a stone staircase leading up here.
You climb upwards.
There is a stone staircase leading down here.
There is a stone staircase leading down here.
You climb downwards.
A hobgoblin comes into view.
There is a stone staircase leading up here.
You climb upwards.
There is a stone staircase leading down here.
There is a stone staircase leading down here.
You climb downwards. 4 orcs and an orc priest come into view.
An orc is wielding a +3 vorpal trident.
An orc is wielding a +0 club and wearing a +0 leather armour of positive energy.
The orc shouts! x2
The orc misses you.
The orc hits you from afar with a +3 vorpal trident!
The orc throws a boomerang.
The boomerang barely misses you. The orc closely misses you.
The orc hits you from afar with a +3 vorpal trident.
The orc priest calls down the wrath of Beogh upon you.
Beogh smites you!
* * * LOW HITPOINT WARNING * * *
Found an escape hatch in the floor.
There is a stone staircase leading up here.
Okay, then.
The orc closely misses you. The orc barely misses you.
The orc closely misses you.
You climb upwards.
There is a stone staircase leading down here.
It was a potion of degeneration.
There was something very wrong with that liquid.
You feel weakened.
You feel dopey.
You feel clumsy. The orc hits you with a +0 club.
You die...

#.#### ####..#.##.###.#####.# .##
##.##..#.##.###.......# ##
##.#.#...........(.....# #
##.#....#............##.# #
##.##.#.∩.#.......###.##.# #
#.......).........# #.##.# #
#..##.##..#.......# #.##.#
######.#.#...#.#.......###.##.#
.......##......#@.......##.##.#
######.#.).....oo.#.#...##.##.###
....†)........)#..#.#...##.##....
######.................###.######
# ####......#..###..# #.# #
##.....#..###..# #.# #####
#......>......###.# ....#
####..............#
###.#########....####..#####


You could see 2 orcs.

Vanquished Creatures
  A gnoll (D:1)
  2 ball pythons (D:1)
  4 endoplasms (D:1)
  4 giant cockroaches (D:1)
  6 goblins (D:1)
  3 hobgoblins (D:1)
  5 jackals (D:1)
  2 kobolds (D:1)
  A quokka (D:1)
  2 bats (D:1)
  3 frilled lizards (D:1)
  5 rats (D:1)
38 creatures vanquished.

Notes
Turn   | Place    | Note
-------+----------+-------------------------------------------
     0 | D:1      | Glokmah the Octopode Transmuter began the quest for the
                  | Orb.
     0 | D:1      | Reached XP level 1. HP: 13/13 MP: 3/3
   153 | D:1      | Reached XP level 2. HP: 18/18 MP: 5/5
   175 | D:1      | Found Ymatim's Distillery.
   363 | D:1      | Reached XP level 3. HP: 5/23 MP: 4/6
   363 | D:1      | HP: 1/23 [frozen (5)]
   682 | D:1      | Learned a level 2 spell: Wereblood
   726 | D:1      | Found Evvaruergh's Antique Armour Boutique.
   788 | D:1      | Found Forifuoh's Weapon Emporium.
  1048 | D:1      | Learned a level 3 spell: Spider Form
  1181 | D:1      | Found Hohiob's Distillery.
  1298 | D:1      | Found Cyqe's Antique Armour Shoppe.
  1595 | D:2      | HP: 1/23 [orc priest/divine providence (10)]
  1598 | D:1      | Slain by an orc

Illustrated notes

Levels and vault maps discovered:
D:1:      dpeg_chamrin_arrival_tetris, layout_loops_ring, serial_shops, shop,
          shop, shop, nicolae_shop_window_shopping, nicolae_shop_waterfront,
          st_stairs_10
D:2:      minmay_razor_zed, layout_basic, basic_ecumenical_altar, minivault_11,
          uniq_robin, uniq_sigmund, uniq_crazy_yiuf_cottage

Action                   || total
-------------------------++-------
Melee: Unarmed           ||    69
       Constrict         ||    17
       Tentacles         ||     6
       Kick              ||     6
       Punch             ||     1
 Cast: Beastly Appendage ||     9
       Wereblood         ||     3
  Use: Potion            ||     1
 Stab: Sleeping          ||     4
Armor: Skin              ||     7
Dodge: Dodged            ||    62

Table legend: (Time is in decaauts)
 A = Elapsed time spent in this place.
 B = Non-inter-level travel time spent in this place.
 C = Inter-level travel time spent in this place.
 D = Time resting spent in this place.
 E = Time spent auto-exploring this place.
 F = Levels seen in this place.
 G = Mean time per level.
                   A        B        C        D        E       F      G
               +--------+--------+--------+--------+--------+-----+--------+
         Total |   1596 |   1515 |     81 |    449 |    834 |   2 |  798.0 |
       Dungeon |   1596 |   1515 |     81 |    449 |    834 |   2 |  798.0 |
               +--------+--------+--------+--------+--------+-----+--------+

Top non-repeatable levels by time:
     D:1: 1589 daAuts
     D:2: 6 daAuts
